 Dungeon Crawl Stone Soup version 0.26-a0-712-ga5a9c9c9d0 (webtiles) character file.

Game seed: 17776226431640808052

61 RaHiT the Skirmisher (level 3, 0/29 HPs)
             Began as a Demonspawn Chaos Knight on Oct 31, 2020.
             Was a Plaything of Xom.
             Slain by an adder (1 damage)
             ... on level 2 of the Dungeon.
             The game lasted 00:05:53 (1345 turns).

RaHiT the Skirmisher (Demonspawn Chaos Knight)      Turns: 1345, Time: 00:05:54

Health: 0/29       AC:  8    Str: 13      XL:     3   Next: 83%
Magic:  4/4        EV: 11    Int: 13      God:    Xom [.*....]
Gold:   67         SH:  0    Dex:  9 (12) Spells: 2/3 levels left

rFire    . . .     SeeInvis .     - Unarmed
rCold    . . .     Faith    .   (no shield)
rNeg     . . .     Spirit   .   a - +3 leather armour
rPois    .         Reflect  .   (no helmet)
rElec    .         Harm     .   (no cloak)
rCorr    .         Rampage  .   (no gloves)
MR       .....                  (no boots)
Stlth    +.........             (no amulet)
HPRegen  0.09/turn              (no ring)
MPRegen  0.09/turn              (no ring)

@: flying
A: claws 1, yellow scales 1
a: Renounce Religion


You were on level 2 of the Dungeon.
You worshipped Xom.
You were a plaything of Xom.
You visited 1 branch of the dungeon, and saw 2 of its levels.

You collected 67 gold pieces.

Inventory:

Missiles
 c - 40 arrows
 e - 19 poisoned darts (quivered)
 f - 60 stones
 h - 26 bolts
Armour
 a - a +3 leather armour (worn)
Scrolls
 i - a scroll of remove curse
Potions
 j - a potion of flight


   Skills:
 * Level 3.5 Fighting
 + Level 1.0 Throwing
 + Level 2.0 Armour
 + Level 1.2 Dodging
 * Level 3.1 Unarmed Combat
 + Level 0.8 Spellcasting
 + Level 0.3 Transmutations


You had 2 spell levels left.
You knew the following spells:

 Your Spells              Type           Power        Failure   Level
a - Beastly Appendage     Tmut           #.....       32%         1

Your spell library contained the following spells:

 Spells                   Type           Power        Failure   Level


Dungeon Overview and Level Annotations

Branches:
Dungeon (2/15)

Altars:
Kikubaaqudgha
Qazlal
Sif Muna
Vehumet
Wu Jian


Innate Abilities, Weirdness & Mutations

You have sharp fingernails.
You are partially covered in yellow scales. (AC +2)


Message History

Throwing (i - inventory. (/) - cycle)
e - 20 poisoned darts (quivered)
Press: ? - help, Shift-Dir - straight line, f/p - adder
Aim: an adder You throw a poisoned dart.
The poisoned dart barely misses the adder.
The poisoned dart completely misses the goblin.
The adder bites you but does no damage. The bat closely misses you. x2
You see here a dagger.
* * * LOW HITPOINT WARNING * * *
You feel sick. The bat barely misses you. The bat closely misses you.
The bat hits you but does no damage. x2
* * * LOW HITPOINT WARNING * * *
You feel sick.
You are no longer poisoned.
The bat misses you. The bat closely misses you.
The bat hits you but does no damage. The adder bites you.
You die...

...(...###.#######.#.#.#########
?........#.# #.............#
........#..## #.#.........#.#
.>..5..###..######.###.#####.#.#
#..5#...................)# #.#.#
###5#...#..........#####.# #.#.#
#†#..###)........# ##.###.#.##
#5#.#(......####.####..........
#.#...#....#5b@....##......####
#.###.....#.#S.###.##..###### #
#.# ##.#....g..# #..........###
..# #..........###.###..###<#..
### #..#.#####............#....
#..#.# #.######.#..).....
#...#.####.######..........
#..###.........###.###.....
#.#.#..####.##.# ##8##...##


You could see a quasit (summoned), an adder, a goblin and a bat.

Vanquished Creatures
  2 adders (D:2)
  2 worms (D:2)
  2 dart slugs
  A leopard gecko (D:1)
  2 bats (D:2)
  A giant cockroach (D:1)
  2 goblins
  3 hobgoblins
  4 jackals (D:2)
  2 quokkas (D:2)
  2 frilled lizards
  5 kobolds (D:1)
  6 rats
34 creatures vanquished.

Notes
Turn   | Place    | Note
-------+----------+-------------------------------------------
     0 | D:1      | RaHiT the Demonspawn Chaos Knight began the quest for the
                  | Orb.
     0 | D:1      | Reached XP level 1. HP: 18/18 MP: 1/1
   102 | D:1      | XOM: silly message
   103 | D:1      | Reached skill level 1 in Dodging
   105 | D:1      | XOM: silly message
   144 | D:1      | Gained mutation: You have sharp fingernails. [demonic
                  | ancestry]
   144 | D:1      | Reached XP level 2. HP: 20/24 MP: 2/2
   642 | D:2      | Found an ornate altar of the Wu Jian Council.
   680 | D:2      | Found a stormy altar of Qazlal.
   788 | D:2      | Found a radiant altar of Vehumet.
   792 | D:2      | Gained mutation: You are partially covered in yellow
                  | scales. (AC +2) [demonic ancestry]
   792 | D:2      | Reached XP level 3. HP: 28/29 MP: 3/3
   806 | D:2      | Found an ancient bone altar of Kikubaaqudgha.
   810 | D:2      | Found a shimmering blue altar of Sif Muna.
   816 | D:2      | Identified Sif Muna's Grimoire of Transmutation
   816 | D:2      | XOM: god gift: 13 stones
   820 | D:2      | Learned a level 1 spell: Beastly Appendage
  1256 | D:2      | Reached skill level 1 in Throwing
  1314 | D:2      | XOM: summons 2 hostile demons
  1344 | D:2      | HP: 1/29 [poisoned by an adder]
  1345 | D:2      | Slain by an adder

Illustrated notes

Levels and vault maps discovered:
D:1:      saegor_arrival_simple_b, layout_rooms
D:2:      layout_loops_ring, grunt_temple_overflow_magic_moments,
          overflow_temple_1_default, lemuel_round_altar

Skill      XL: |  1  2  3 |
---------------+----------+-----
Dodging        | 1 |  1.2
Unarmed Combat | 3 |  3.1
Throwing       | 1 |  1.0
Armour         | 2 |  2.0
Fighting       | |  3.5
Spellcasting   | |  0.8
Transmutations | |  0.3

Action                   || total
-------------------------++-------
Melee: Unarmed           ||   112
       Punch             ||     2
Throw: Stone             ||    17
       Dart              ||    29
  Use: Scroll            ||     3
       Potion            ||     1
Armor: Leather armour    ||    48
Dodge: Dodged            ||    79

Table legend: (Time is in decaauts)
 A = Elapsed time spent in this place.
 B = Non-inter-level travel time spent in this place.
 C = Inter-level travel time spent in this place.
 D = Time resting spent in this place.
 E = Time spent auto-exploring this place.
 F = Levels seen in this place.
 G = Mean time per level.
                   A        B        C        D        E       F      G
               +--------+--------+--------+--------+--------+-----+--------+
         Total |   1338 |   1315 |     23 |      0 |    883 |   2 |  669.0 |
       Dungeon |   1338 |   1315 |     23 |      0 |    883 |   2 |  669.0 |
               +--------+--------+--------+--------+--------+-----+--------+

Top non-repeatable levels by time:
     D:2: 697 daAuts
     D:1: 640 daAuts
